 Dungeon Crawl Stone Soup version 0.28.0 (webtiles) character file.

Game seed: 8036637823144044457

51766 boopmooplesden the Cleaver (level 14, -16/127 HPs)
             Began as a Minotaur Fighter on Feb 16, 2022.
             Was a High Priest of Okawaru.
             Demolished by a catoblepas (24 damage)
             ... on level 6 of the Lair of Beasts.
             The game lasted 00:35:16 (15062 turns).

boopmooplesden the Cleaver (Minotaur Fighter)      Turns: 15062, Time: 00:35:17

Health: -16/127    AC: 24    Str: 22    XL:     14   Next: 24%
Magic:  15/15      EV:  7    Int:  3    God:    Okawaru [*****.]
Gold:   1114       SH: 13    Dex: 14    Spells: 13/13 levels left

rFire   + + +      SeeInvis +   w - +7 rapier "Pissicobre" {pain, rPois rF+}
rCold   + . .      Faith    .   M - +1 kite shield of Beyond {+Inv}
rNeg    + . .      Spirit   .   j - +3 plate armour
rPois   +          Reflect  .   (helmet restricted)
rElec   .          Harm     .   E - +0 cloak
rCorr   .          Rampage  .   (no gloves)
Will    .....                   R - +2 pair of boots "Gaath" {Will- Int+3}
Stlth   ..........              L - amulet "Qeupeco" {+Blink rF++ rC+ Regen+ Int-5}
HPRegen 1.11/turn               K - ring of Enkac {rN+ Slay+2 SInv}
MPRegen 0.14/turn               g - ring of protection from fire

@: about to teleport, very slow
A: horns 2, retaliatory headbutt
a: Renounce Religion, Evoke Blink, Evoke Invisibility, Heroism, Finesse, Duel


You were on level 6 of the Lair of Beasts.
You worshipped Okawaru.
Okawaru was extremely pleased with you.
You visited 3 branches of the dungeon, and saw 17 of its levels.
You also visited: Gauntlet.

You collected 1114 gold pieces.

Inventory:

Hand Weapons
 a - a +4 war axe
 w - the +7 rapier "Pissicobre" (weapon) {pain, rPois rF+}
   (You found it on level 10 of the Dungeon)

   In the hands of one skilled in necromantic magic, it inflicts extra damage on
   living creatures.
   rF:        It protects you from fire.
   rPois:     It protects you from poison.
 T - the +10 fustibalus "Hiulint" {speed, rCorr Int+3}
   (You found it on level 5 of the Lair of Beasts)

   Attacks with this weapon are significantly faster.
   Int:       It affects your intelligence (+3).
   rCorr:     It protects you from acid and corrosion.
Missiles
 x - 3 throwing nets (quivered)
 O - 8 silver javelins
 U - 38 sling bullets
 Y - 6 javelins
Armour
 c - a +0 buckler
 j - a +3 plate armour (worn)
 q - a +0 pair of boots
 E - a +0 cloak (worn)
 M - the +1 kite shield of Beyond (worn) {+Inv}
   (Okawaru gifted it to you in a Gauntlet)

   +Inv:      It lets you turn invisible.
 R - the +2 pair of boots "Gaath" (worn) {Will- Int+3}
   (Okawaru gifted it to you on level 5 of the Lair of Beasts)

   Int:       It affects your intelligence (+3).
   Will:      It decreases your willpower.
 Z - the +2 swamp dragon scales "Fesaf" {rElec rPois rCorr Dex-5}
   (Okawaru gifted it to you on level 3 of the Lair of Beasts)

   Dex:       It affects your dexterity (-5).
   rElec:     It insulates you from electricity.
   rPois:     It protects you from poison.
   rCorr:     It protects you from acid and corrosion.
Jewellery
 b - a ring of fire
 e - a ring of protection from cold
 g - a ring of protection from fire (right hand)
 i - an amulet of regeneration
 l - a +6 ring of dexterity
 m - a ring of protection from cold
 u - a +4 ring of evasion
 v - a ring of willpower
 C - a +4 ring of protection
 H - a +6 ring of dexterity
 I - an amulet of reflection
 K - the ring of Enkac (left hand) {rN+ Slay+2 SInv}
   (You found it in a Gauntlet)

   [ring of see invisible]

   Slay:      It affects your accuracy & damage with ranged weapons and melee
   (+2).
   rN:        It protects you from negative energy.
   SInv:      It lets you see invisible.
 L - the amulet "Qeupeco" (around neck) {+Blink rF++ rC+ Regen+ Int-5}
   (You found it in a Gauntlet)

   [amulet of regeneration]

   Int:       It affects your intelligence (-5).
   rF:        It greatly protects you from fire.
   rC:        It protects you from cold.
   +Blink:    It lets you blink.
   Regen:     It increases your rate of health regeneration.
 X - a ring of see invisible
Wands
 k - a wand of flame (30)
 y - a wand of acid (3)
 B - a wand of polymorph (8)
 F - a wand of digging (7)
 Q - a wand of mindburst (1)
Scrolls
 f - 3 scrolls of fear
 n - 2 scrolls of amnesia
 r - 2 scrolls of magic mapping
 t - a scroll of teleportation
 z - 4 scrolls of identify
 N - 3 scrolls of fog
Potions
 d - 7 potions of ambrosia
 o - 5 potions of curing
 s - a potion of invisibility
 A - 3 potions of berserk rage
 G - a potion of lignification
 J - a potion of cancellation
 S - a potion of might
 V - a potion of brilliance
Miscellaneous
 h - a condenser vane


   Skills:
 + Level 12.3 Fighting
 + Level 11.6 Short Blades
 + Level 14.5 Axes
 + Level 3.0 Slings
 + Level 14.5 Armour
 + Level 3.3 Dodging
 + Level 1.8 Stealth
 + Level 13.1 Shields
 + Level 2.8 Invocations
 + Level 1.3 Evocations


You had 13 spell levels left.
You didn't know any spells.
Your spell library contained the following spells:

 Spells                   Type           Power      Damage    Failure   Level
 Apportation              Tloc           0%         N/A       100%        1
 Magic Dart               Conj           0%         1d3       100%        1
 Shock                    Conj/Air       0%         1d3       100%        1
 Sting                    Tmut/Pois      0%         1d3       100%        1
 Blink                    Tloc           0%         N/A       100%        2
 Corpse Rot               Necr/Air       0%         N/A       100%        2
 Ensorcelled Hibernation  Hex/Ice        0%         N/A       100%        2
 Poisonous Vapours        Pois/Air       0%         N/A       100%        2
 Sublimation of Blood     Necr           0%         N/A       100%        2
 Wereblood                Tmut           0%         N/A       100%        2
 Dazzling Flash           Conj/Hex       0%         N/A       100%        3
 Inner Flame              Hex/Fire       0%         N/A       100%        3
 Lesser Beckoning         Tloc           0%         N/A       100%        3
 Mephitic Cloud           Conj/Pois/Air  0%         N/A       100%        3
 Portal Projectile        Hex/Tloc       0%         N/A       100%        3
 Spider Form              Tmut/Pois      0%         N/A       100%        3
 Stone Arrow              Conj/Erth      0%         3d7       100%        3
 Swiftness                Air            0%         N/A       100%        3
 Airstrike                Air            0%         N/A       100%        4
 Anguish                  Hex/Necr       0%         N/A       100%        4
 Cause Fear               Hex            0%         N/A       100%        4
 Iskenderun's Mystic Bla  Conj/Tloc      0%         2d3       100%        4
 Leda's Liquefaction      Hex/Erth       0%         N/A       100%        4
 Olgreb's Toxic Radiance  Pois           0%         N/A       100%        4
 Petrify                  Tmut/Erth      0%         N/A       100%        4
 Alistair's Intoxication  Tmut/Pois      0%         N/A       100%        5
 Blade Hands              Tmut           0%         N/A       100%        5
 Excruciating Wounds      Necr           0%         N/A       100%        5
 Irradiate                Conj/Tmut      0%         3d14      100%        5
 Lee's Rapid Deconstruct  Erth           0%         3d5*      100%        5
 Manifold Assault         Tloc           0%         N/A       100%        5
 Starburst                Conj/Fire      0%         6d3       100%        6
 Statue Form              Tmut/Erth      0%         N/A       100%        6
 Ozocubu's Refrigeration  Ice            0%         4d5       100%        7
 Discord                  Hex            0%         N/A       100%        8
 Ignition                 Fire           0%         3d3       100%        8
 Lehudib's Crystal Spear  Conj/Erth      0%         10d2      100%        8
 Call Imp                 Summ           Unusable   N/A       N/A         2
 Animate Armour           Summ/Erth      Unusable   N/A       N/A         4
 Summon Hydra             Summ           Unusable   N/A       N/A         7

Dungeon Overview and Level Annotations

Branches:
Dungeon (10/15)            Temple (1/1) D:7            Lair (6/6) D:8
  Swamp (0/4) Lair:4        Snake (0/4) Lair:4          Orc (0/2) D:9
Gauntlet (visited)
  Slime: Lair:5-6

Altars:
Ashenzari
Cheibriados
Dithmenos
Elyvilon
Fedhas
Gozag
Hepliaklqana
Kikubaaqudgha
Makhleb
Nemelex Xobeh
Okawaru
Qazlal
Ru
Sif Muna
Trog
Uskayaw
Vehumet
Wu Jian
Xom
Yredelemnul
Zin
The Shining One

Shops:
D:7 *

Portals:
Trove: D:10 (give 8 scrolls of fog)


Innate Abilities, Weirdness & Mutations

You have a pair of horns on your head.
You reflexively headbutt those who attack you in melee.


Message History

The catoblepas gores you!
* * * LOW HITPOINT WARNING * * *
The yak is engulfed in calcifying dust.
The yak stops moving altogether!
The catoblepas gores you but does no damage.
The death yak gores you but does no damage.
The yak is engulfed in calcifying dust.
The death yak gores you.
The catoblepas gores you but does no damage.
The death yak gores you.
* * * LOW HITPOINT WARNING * * *
The catoblepas breathes a plume of calcifying dust at you.
The blast of calcifying dust hits you.
* * * LOW HITPOINT WARNING * * *
The blast of calcifying dust hits the yak.
The blast of calcifying dust hits the yak!
The yak is engulfed in calcifying dust. x2
You are engulfed in calcifying dust.
The catoblepas breathes a plume of calcifying dust at you.
The blast of calcifying dust hits you!
* * * LOW HITPOINT WARNING * * *
The blast of calcifying dust hits the yak!
The blast of calcifying dust hits the yak.
The death yak gores you!
* * * LOW HITPOINT WARNING * * *
A basilisk comes into view.
The yak is engulfed in calcifying dust. x2
The jelly hits you but does no damage.
You turn to flesh and can move again.
Unknown command.
Unknown command.
Unknown command.
As you read the scroll of teleportation, it crumbles to dust.
You feel strangely unstable.
You are engulfed in calcifying dust.
The basilisk hisses angrily.
You block the death yak's attack. You block the catoblepas's attack.
The yak is engulfed in calcifying dust. x2
The jelly hits you but does no damage. You block the death yak's attack.
The yak is engulfed in calcifying dust. x2
The catoblepas gores you!!
You die...

####......................y......
..###........≈≈≈.≈≈≈.≈≈.≈hS.≈≈≈.≈
....##.Y......##≈≈##≈≈##≈t##≈≈≈#≈
.............≈##≈≈#≈≈≈##≈H≈h†≈≈≈≈
..............≈≈≈≈≈≈≈P.≈.≈≈tl≈≈≈.
.............≈.≈≈≈≈≈≈≈≈≈...≈#≈≈≈≈
.............≈##≈########..≈####≈
..............#≈≈#≈≈≈# ≈≈≈..≈≈≈⌠#
.!............≈Y@≈≈#≈#≈≈#.≈.#.≈≈#
..............≈JY#≈.≈#≈≈≈≈≈≈≈≈≈≈#
..............##Y#P#≈#≈.######8≈#
.............≈##YY≈≈≈≈.≈#}$!!#..≈
.............≈ ≈≈≈≈≈≈≈.≈≈$≈≈ #.≈.
...$......l.. ≈≈≈P.≈≈≈≈≈} |≈≈≈.
............ ≈≈#≈≈≈.≈Y# (!$#.##
........... #≈≈#≈#≈#≈8######≈≈
............ P≈#≈P≈#lH≈≈≈≈≈≈≈≈


You could see a death yak, a catoblepas, 3 yaks, a basilisk and a jelly.

Vanquished Creatures
  Rupert (Lair:4)
  The ghost of GilGalad the Slicer, a journeyman DDFi of Makhleb (Lair:4)
  2 minotaurs
  The ghost of Wolly the Archer, a journeyman CeAM of Okawaru (Lair:5)
  7 hydras
  Harold (D:7)
  A boulder beetle (Lair:4)
  A catoblepas (Lair:6)
  A merfolk avatar (Lair:6)
  4 death yaks (Lair:6)
  2 death scarabs (Gauntlet)
  Sonja (Lair:5)
  Nergalle (Lair:4)
  2 spectral death yaks (Gauntlet)
  A harpy (Lair:6)
  The ghost of KrombopulosMichael the Firebug, a novice FoCA of Ignis (D:5)
  2 manticores
  A moth of wrath (Gauntlet)
  14 elephants
  6 black mambas
  12 cane toads
  2 torpor snails
  Psyche (D:9)
  9 komodo dragons
  3 rime drakes
  A queen bee (Lair:2)
  A tyrant leech (Lair:4)
  2 polar bears
  A wind drake (Lair:6)
  A troll (D:9)
  19 blink frogs
  2 centaur simulacra (Gauntlet)
  5 wyverns
  3 basilisks
  Grum (D:9)
  3 steam dragons
  32 yaks
  A spectral cane toad (Gauntlet)
  2 swamp worms (Lair:4)
  4 nagas (Lair:4)
  9 water moccasins
  Duvessa (D:5)
  A spectral torpor snail (Gauntlet)
  3 black bears
  3 orc warriors (D:9)
  A sky beast (D:8)
  3 necrophages
  3 centaurs
  18 wolves
  3 kobold brigands
  9 bullfrogs
  4 scorpions
  A cane toad simulacrum (Gauntlet)
  2 water moccasin skeletons
  Dowan (D:5)
  24 killer bees (Lair:2)
  9 wights (D:9)
  3 howler monkeys
  5 electric eels
  4 hounds
  2 centaur zombies
  10 orc priests
  A bullfrog skeleton (D:6)
  A jelly (Lair:6)
  A centaur skeleton (D:5)
  2 iguanas
  6 orc wizards
  A hound skeleton (D:5)
  A howler monkey zombie (D:5)
  A gnoll (D:3)
  3 adders
  A shadow imp (D:6)
  2 white imps (D:7)
  An ufetubus (D:5)
  4 worms
  2 dart slugs (D:2)
  30 orcs
  4 ball pythons
  5 endoplasms
  6 giant cockroaches
  8 goblins
  6 hobgoblins
  6 jackals
  3 quokkas
  7 bats
  4 frilled lizards
  22 kobolds
  A quokka skeleton (D:3)
  5 rats
409 creatures vanquished.

Vanquished Creatures (others)
  An orc (D:9)
  A bush (Lair:1)
  14 demonic plants (Gauntlet)
  36 fungi
  105 plants
  A withered plant (Gauntlet)
158 creatures vanquished.

Grand Total: 567 creatures vanquished

Notes
Turn   | Place    | Note
-------+----------+-------------------------------------------
     0 | D:1      | boopmooplesden the Minotaur Fighter began the quest for the
                  | Orb.
     0 | D:1      | Reached XP level 1. HP: 19/19 MP: 0/0
   180 | D:1      | Reached XP level 2. HP: 25/27 MP: 1/1
   229 | D:1      | Found a faded altar of an unknown god.
   911 | D:2      | Reached XP level 3. HP: 33/33 MP: 2/2
  1479 | D:3      | Reached XP level 4. HP: 40/40 MP: 3/3
  1521 | D:3      | Found a shadowy altar of Dithmenos.
  1576 | D:3      | Found a stormy altar of Qazlal.
  1589 | D:3      | Reached XP level 5. HP: 47/47 MP: 4/4
  2229 | D:4      | Found a hide-covered altar of Uskayaw.
  2285 | D:4      | Reached skill level 5 in Axes
  2307 | D:4      | Reached XP level 6. HP: 43/55 MP: 5/5
  2552 | D:4      | Found a burning altar of Makhleb.
  2552 | D:4      | Noticed a green death
  2555 | D:4      | Noticed a neqoxec
  2555 | D:4      | Noticed a ynoxinul
  2767 | D:5      | Entered Level 5 of the Dungeon
  2917 | D:5      | Found a runed translucent door.
  2924 | D:5      | Noticed KrombopulosMichael's ghost (novice FoCA)
  2973 | D:5      | Reached skill level 5 in Shields
  2973 | D:5      | Reached XP level 7. HP: 12/60 MP: 6/6
  3039 | D:5      | Reached skill level 5 in Fighting
  3039 | D:5      | Reached skill level 5 in Armour
  3039 | D:5      | Reached skill level 1 in Dodging
  3145 | D:5      | Noticed Dowan
  3146 | D:5      | Noticed Duvessa
  3160 | D:5      | Killed Duvessa
  3168 | D:5      | Killed Dowan
  3389 | D:5      | Reached XP level 8. HP: 68/69 MP: 7/7
  3704 | D:5      | Killed KrombopulosMichael's ghost
  3978 | D:6      | Found an ancient bone altar of Kikubaaqudgha.
  4362 | D:7      | Noticed Harold
  4382 | D:7      | Killed Harold
  4383 | D:7      | Reached skill level 10 in Axes
  4383 | D:7      | Reached skill level 1 in Stealth
  4383 | D:7      | Reached XP level 9. HP: 64/78 MP: 8/8
  4412 | D:7      | Found a glowing silver altar of Zin.
  4412 | D:7      | Found a shimmering altar of Xom.
  4412 | D:7      | Noticed an angel
  4527 | D:7      | Found a staircase to the Ecumenical Temple.
  4576 | Temple   | Entered the Ecumenical Temple
  4627 | Temple   | Became a worshipper of Warmaster Okawaru
  4683 | D:7      | Found Yproham's Island Escapes.
  5248 | D:8      | Found a basalt altar of Yredelemnul.
  5257 | D:8      | Reached * piety under Okawaru
  5350 | D:8      | Noticed a manticore
  5366 | D:8      | Killed a manticore
  5589 | D:8      | Reached XP level 10. HP: 61/86 MP: 9/9
  5822 | D:8      | Found a staircase to the Lair.
  5838 | D:8      | Reached ** piety under Okawaru
  6197 | D:9      | Reached *** piety under Okawaru
  6474 | D:9      | Reached skill level 10 in Armour
  6476 | D:9      | Found a staircase to the Orcish Mines.
  6565 | D:9      | Noticed Grum
  6584 | D:9      | Killed Grum
  6739 | D:9      | Noticed Psyche
  6752 | D:9      | Killed Psyche
  6895 | D:9      | Reached XP level 11. HP: 97/97 MP: 8/10
  7438 | D:10     | Entered Level 10 of the Dungeon
  7461 | D:10     | Found a portal to a secret trove of treasure.
  7468 | D:10     | Identified the +7 rapier "Pissicobre" {pain, rPois rF+}
  7874 | Lair:1   | Entered Level 1 of the Lair of Beasts
  7914 | Lair:1   | Noticed a seven-headed hydra
  7923 | Lair:1   | Killed a seven-headed hydra
  7924 | Lair:1   | Reached skill level 1 in Evocations
  7968 | Lair:1   | Reached skill level 1 in Short Blades
  7982 | Lair:1   | Reached **** piety under Okawaru
  7986 | Lair:1   | HP: 3/97 [elephant (14)]
  8126 | Lair:1   | Noticed a four-headed hydra
  8134 | Lair:1   | Killed a four-headed hydra
  8135 | Lair:1   | Reached skill level 1 in Invocations
  8453 | Lair:1   | Reached ***** piety under Okawaru
  8834 | Lair:2   | Noticed a five-headed hydra
  8846 | Lair:2   | Killed a five-headed hydra
  8847 | Lair:2   | Reached skill level 10 in Fighting
  8926 | Lair:2   | Found a gate leading to a gauntlet.
  8936 | Gauntlet | Entered a Gauntlet
  8936 | Gauntlet | Found a transporter.
  8936 | Gauntlet | Found a transporter.
  8936 | Gauntlet | Found a transporter.
  8960 | Gauntlet | Found a transporter.
  9007 | Gauntlet | Identified the ring of Enkac {rN+ Slay+2 SInv}
  9017 | Gauntlet | Found a transporter.
  9027 | Gauntlet | Found a transporter.
  9053 | Gauntlet | Noticed a death scarab
  9078 | Gauntlet | Noticed a death scarab
  9116 | Gauntlet | Found a transporter.
  9135 | Gauntlet | Identified the amulet "Qeupeco" {+Blink rF++ rC+ Regen+
                  | Int-5}
  9152 | Gauntlet | Killed a death scarab
  9168 | Gauntlet | Reached XP level 12. HP: 82/107 MP: 10/12
  9180 | Gauntlet | HP: 4/103 [spectral death yak (2)]
  9189 | Gauntlet | Identified the +1 kite shield of Beyond {+Inv} (Okawaru
                  | gifted it to you in a Gauntlet)
  9189 | Gauntlet | Received a gift from Okawaru
  9202 | Gauntlet | Killed a death scarab
  9203 | Gauntlet | Reached skill level 5 in Short Blades
  9245 | Gauntlet | Found a transporter.
  9253 | Gauntlet | Noticed a minotaur
  9269 | Gauntlet | Killed a minotaur
 10516 | Lair:3   | Reached skill level 10 in Shields
 10753 | Lair:3   | You fall into a shaft and drop 3 floors!
 10753 | Lair:6   | Entered Level 6 of the Lair of Beasts
 10759 | Lair:6   | Noticed a merfolk avatar
 11250 | Lair:5   | Noticed Sonja
 11272 | Lair:5   | Killed Sonja
 11413 | Lair:5   | Identified the +2 pair of boots "Gaath" {Will- Int+3}
                  | (Okawaru gifted it to you on level 5 of the Lair of Beasts)
 11413 | Lair:5   | Received a gift from Okawaru
 11414 | Lair:5   | Reached XP level 13. HP: 116/116 MP: 13/13
 11464 | Lair:5   | Found a runed translucent gate.
 11464 | Lair:5   | Found a runed translucent gate.
 11464 | Lair:5   | Found a runed translucent gate.
 11467 | Lair:5   | Noticed Wolly's ghost (journeyman CeAM)
 11542 | Lair:5   | Killed Wolly's ghost
 11557 | Lair:5   | Identified the +10 fustibalus "Hiulint" {speed, rCorr
                  | Int+3}
 11977 | Lair:4   | Reached skill level 1 in Slings
 11986 | Lair:4   | Noticed Rupert
 12029 | Lair:4   | Killed Rupert
 12178 | Lair:4   | Found a staircase to the Snake Pit.
 12601 | Lair:4   | Found a runed translucent gate.
 12601 | Lair:4   | Found a runed translucent gate.
 12601 | Lair:4   | Found a runed translucent gate.
 12609 | Lair:4   | Noticed a minotaur
 12609 | Lair:4   | Noticed GilGalad's ghost (journeyman DDFi)
 12648 | Lair:4   | Noticed Nergalle
 12712 | Lair:4   | Reached skill level 10 in Short Blades
 12731 | Lair:4   | Killed Nergalle
 13333 | Lair:4   | Found a staircase to the Swamp.
 13584 | Lair:4   | Killed GilGalad's ghost
 13607 | Lair:4   | HP: 5/117 [minotaur/javelin (27)]
 13819 | Lair:4   | Killed a minotaur
 13971 | Lair:3   | Identified the +2 swamp dragon scales "Fesaf" {rElec rPois
                  | rCorr Dex-5} (Okawaru gifted it to you on level 3 of the
                  | Lair of Beasts)
 13971 | Lair:3   | Received a gift from Okawaru
 14467 | Lair:6   | Reached XP level 14. HP: 93/126 MP: 12/14
 14869 | Lair:6   | HP: 2/127 [barbs]
 15060 | Lair:6   | HP: 5/127 [death yak (6)]
 15062 | Lair:6   | Demolished by a catoblepas

Illustrated notes

Levels and vault maps discovered:
D:1:      erik_arrival_orb_chamber, layout_basic, ebering_ecumenical_altar_rust,
          minmay_pentomino_t2
D:2:      layout_loops_ring
D:3:      minmay_razor_zed, layout_basic, mainiacjoe_overflow_catwalk,
          grunt_qazlal_sundering, minmay_misc_feat_x, item_on_display_a
D:4:      layout_basic, mainiacjoe_overflow_boulevard, makhleb_altar_promises_db
D:5:      layout_cave_pods, ebering_ghost_sewer_d, uniq_duvessa
D:6:      layout_loops_ring, nicolae_overflow_crystal_walls,
          minmay_misc_feat_ornament
D:7:      layout_rooms, grunt_temple_overflow_order_and_chaos_1,
          minmay_temple_entry_glass, minmay_curled_crystal,
          corexii_checkpoint_a, nicolae_island_escapes, uniq_harold
D:8:      layout_basic, mainiacjoe_overflow_small_starburst,
          david_lair_shrubbed, kennysheep_generic_room_9
D:9:      layout_stronghold, erik_orc_2, chequers_serial_rivers_small_3,
          uniq_psyche, uniq_grum
D:10:     layout_cave_pods, nicolae_trove_entry_isolated,
          minmay_guarded_unrand_vampires_tooth
Temple:   zaba_magenta_temple
Lair:1:   layout_misc_corridors, nicolae_lair_grazing_beasts
          [nicolae_sub_lair_graze_edge, nicolae_sub_lair_graze_edge,
          nicolae_sub_lair_graze_edge, nicolae_sub_lair_graze_edge]
Lair:2:   layout_long_grid, gauntlet_entry_generic, special_room
          [special_room_bee]
Lair:3:   layout_long_grid, gammafunk_lair_bear_cave
Lair:4:   layout_small_grid, palyth_hydra_swamp_entry,
          minmay_snake_entry_guardpost_small, maelrawn_ghost_gauntlet_escape,
          serial_bayou_shore_b, infiniplex_staircase_pool_2,
          serial_bayou_shore_a, uniq_nergalle, uniq_rupert
Lair:5:   layout_regular_city, gammafunk_ghost_hydra_chop, uniq_sonja
Lair:6:   gammafunk_lair_ancient_temple, layout_regular_city,
          minmay_slime_entry_pillars, basic_altar, minivault_19

Skill      XL: |  1  2  3  4  5  6  7  8  9 10 11 12 13 14 |
---------------+-------------------------------------------+-----
Shields        | 4 5 6 7 8 9 10 12 13 | 13.1
Fighting       | 4 5 6 7 9 10 11 12 | 12.3
Armour         | 4 5 7 8 10 11 13 14 | 14.5
Axes           | 3 4 5 6 8 10 12 13 14 | 14.5
Dodging        | 1 2 3 |  3.3
Stealth        | 1 |  1.8
Evocations     | 1 |  1.3
Short Blades   | 4 8 11 | 11.6
Invocations    | 1 2 |  2.8
Slings         | 3 |  3.0

Action                   |  1- 3 |  4- 6 |  7- 9 | 10-12 | 13-15 || total
-------------------------+-------+-------+-------+-------+-------++-------
Melee: War axe           |    81 |   120 |   202 |   322 |       ||   725
       Headbutt          |     7 |    15 |    31 |   186 |   209 ||   448
       Rapier            |       |       |       |   383 |   693 ||  1076
 Fire: Fustibalus        |       |       |       |       |    27 ||    27
Invok: Heroism           |       |       |       |    29 |    23 ||    52
Evoke: Wand              |       |       |     5 |    10 |       ||    15
       Condenser vane    |       |       |       |     1 |       ||     1
  Use: Scroll            |     2 |     9 |     5 |     8 |    12 ||    36
       Potion            |       |       |     2 |     8 |     6 ||    16
 Stab: Petrified         |       |       |       |       |     1 ||     1
Armor: Scale mail        |    43 |    30 |       |       |       ||    73
       Plate armour      |       |    44 |   143 |   484 |   575 ||  1246
Dodge: Dodged            |    40 |    39 |    59 |   286 |   197 ||   621
Block: Buckler           |    19 |    32 |    57 |   297 |       ||   405
       Kite shield       |       |       |       |       |   477 ||   477
